 Dungeon Crawl Stone Soup version 0.31-a0-1612-g4aaf141004 (webtiles) character file.

Game seed: 8773674206213334210

629 innerfire43 the Cudgeller (level 7, -2/81 HPs)
             Began as a Demonspawn Wanderer on Jan 9, 2024.
             Was a Believer of Uskayaw.
             Slain by Menkaure (17 damage)
             ... on level 5 of the Dungeon.
             The game lasted 00:04:38 (3058 turns).

innerfire43 the Cudgeller (Demonspawn Wanderer)     Turns: 3058, Time: 00:04:39

Health: -2/81      AC: 23    Str: 17    XL:     7   Next: 23%
Magic:  8/8        EV:  2    Int: 10    God:    Uskayaw [**....]
Gold:   431        SH:  0    Dex: 18    Spells: 8/8 levels left

rFire   . . .        i - +4 whip (venom)
rCold   . . .        (no shield)
rNeg    . . .        c - melded +0 ring mail
rPois   +            (helmet currently unavailable)
rElec   .            q - melded +0 cloak
rCorr   .            (gloves currently unavailable)
SInv    .            (boots currently unavailable)
Will    .....        (no amulet)
Stlth   ++           j - +6 ring of dexterity
HPRegen 0.33/turn    (no ring)
MPRegen 0.11/turn

%: no passive effects
@: tree-form
A: stationary, stasis, torment immunity, boosted hp, (icy blue scales 1),
(demonic touch 2)
a: Renounce Religion, Stomp, Line Pass


You were on level 5 of the Dungeon.
You worshipped Uskayaw.
Uskayaw was noncommittal.
You were a tree.
You visited 1 branch of the dungeon, and saw 5 of its levels.

You collected 431 gold pieces.

Inventory:

Hand Weapons
 a - a +0 club
 i - a +4 whip of venom (weapon)
Armour
 c - a +0 ring mail (melded)
 q - a +0 cloak (melded)
Jewellery
 j - a +6 ring of dexterity (left branch)
 m - a ring of positive energy
 o - a ring of fire
Scrolls
 b - 3 scrolls of butterflies
 d - a scroll of blinking
 f - 2 scrolls of immolation
 k - 4 scrolls of identify
 l - a scroll of revelation {unknown}
 p - a scroll of enchant armour {unknown}
 r - a scroll of teleportation
Potions
 e - 2 potions of lignification
 g - a potion of might {unknown}
 n - a potion of berserk rage {unknown}
 s - a potion of curing {unknown}


   Skills:
 + Level 4.0 Fighting
 * Level 5.7 Maces & Flails
 - Level 3.0 Armour
 - Level 3.6 Unarmed Combat
 - Level 1.0 Spellcasting
 - Level 2.0 Alchemy


You had 8 spell levels left.
You didn't know any spells.
Your spell library contained the following spells:

 Spells                   Type           Power      Damage    Failure   Level
 Sting                    Conj/Alch      8%         1d3       22%         1
 Mercury Vapours          Alch/Air       4%         N/A       34%         2
 Cigotuvi's Dreadful Rot  Necr/Alch/Air  2%         N/A       38%         2
 Frozen Ramparts          Ice            0%         1d1       71%         3
 Olgreb's Toxic Radiance  Alch           4%         N/A       83%         4
 Leda's Liquefaction      Alch/Erth      1%         N/A       92%         4
 Petrify                  Alch/Erth      2%         N/A       92%         4
 Dispel Undead            Necr           0%         3d6       98%         4
 Martyr's Knell           Necr/Summ      0%         N/A       98%         4
 Metabolic Englaciation   Hex/Ice        0%         N/A       100%        5
 Death Channel            Necr           0%         N/A       100%        6


Dungeon Overview and Level Annotations

Branches:
Dungeon (5/15)
 Temple: D:4-7

Altars:
Uskayaw

Shops:
D:2 ?   D:5 ?

Annotations:
D:5 Menkaure, Prince Ribbit


Innate Abilities, Weirdness & Mutations

You are a tree.
Your roots penetrate the ground, keeping you stationary.
You cannot be teleported.
You are immune to unholy pain and torment.
Your maximum health is greatly increased.
Your equipment is partially melded.
((You are partially covered in icy blue scales. (AC +2)))
((Your touch may inflict irresistible damage on your foes.))


Message History

Menkaure is moderately damaged.
Menkaure hits you!
There are monsters nearby!
You hit Menkaure.
You touch Menkaure!
Menkaure is heavily damaged.
An iguana comes into view.
You can now pass through a line of other dancers.
The iguana hisses angrily.
You hit Menkaure. Your touch misses Menkaure. You punch Menkaure.
Menkaure is almost destroyed.
Menkaure hits you!!
* * * LOW HITPOINT WARNING * * *
An adder comes into view.
You are too injured to fight recklessly!
You are too injured to fight recklessly!
Prince Ribbit croaks regally.
Menkaure calls on the powers of darkness!
Prince Ribbit convulses!
Your body is wracked with pain!
* * * LOW HITPOINT WARNING * * *
The ribbon worm convulses!
You see here 6 stones.
It was a potion of lignification.
You turn into a tree.
Your +0 cloak melds into your body.
Your +0 ring mail melds into your body.
Your roots penetrate the ground.
Prince Ribbit hits you but does no damage.
Prince Ribbit blinks!
You cannot move.
You cannot move.
Hit: i) +4 whip (venom)
Press: ? - help, Dir - move target, f - you
Okay, then.
As you read the scroll labelled APESARU OSOUCU, it crumbles to dust.
The creatures around you are filled with an inner flame!
It was a scroll of immolation.
As you read the scroll labelled QANNES LEYS, it crumbles to dust.
You hear a loud clanging noise!
It was a scroll of noise.
You hear a shout! x9
Menkaure hits you!
You die...

######.##.##.##.#
#.........##.##.#######
.......# #............
#.###..####..##.######.
#.# #........##.# ..#
#........##.## ###
#........##..#
##......####.#
#........##♣#
##...#....#M#
##.##.###..# .....#
#w........ ##.# .#
#..######. .#


lSF. ....# l..... .....#. You could see Prince Ribbit (inner flame), Menkaure
(fast, inner flame), a ribbon worm (inner flame), an iguana (inner flame) and an
adder (inner flame).

Vanquished Creatures
  Grinder (D:3)
  A phantom (D:3)
  A scorpion (D:5)
  2 hounds (D:4)
  A jelly (D:4)
  An orc priest (D:3)
  An iguana (D:5)
  A sleepcap (D:4)
  6 adders
  A ribbon worm (D:2)
  2 dart slugs
  10 orcs (D:3)
  6 ball pythons
  4 bats
  4 endoplasms
  A giant cockroach (D:3)
  9 goblins
  6 hobgoblins
  6 jackals
  6 kobolds
  5 quokkas
  A frilled lizard (D:3)
  5 rats
81 creatures vanquished.

Notes
Turn   | Place    | Note
-------+----------+-------------------------------------------
     0 | D:1      | innerfire43 the Demonspawn Wanderer began the quest for the
                  | Orb.
     0 | D:1      | innerfire43 set off with the following items: a +0 club, a
                  | scroll of butterflies, a +0 ring mail, a scroll of
                  | blinking, a potion of heal wounds; and the following spells
                  | available to memorise: Mercury Vapours, Cigotuvi's Dreadful
                  | Rot.
     0 | D:1      | Reached XP level 1. HP: 13/13 MP: 2/2
   293 | D:1      | Reached skill level 1 in Maces & Flails
   302 | D:1      | Gained mutation: Your touch may inflict minor irresistible
                  | damage on your foes. [demonic ancestry]
   302 | D:1      | Reached XP level 2. HP: 2/19 MP: 3/3
   797 | D:2      | Found Ofaomp's Magic Scroll Boutique.
   797 | D:2      | Found a faded altar of an unknown god.
   816 | D:2      | Prayed at the altar of an unknown god.
   816 | D:2      | Became a worshipper of Uskayaw the Reveller
   816 | D:2      | Reached * piety under Uskayaw
   880 | D:2      | Reached ** piety under Uskayaw
   919 | D:2      | Reached XP level 3. HP: 25/25 MP: 4/4
   942 | D:2      | Reached skill level 2 in Maces & Flails
   975 | D:2      | Reached skill level 1 in Fighting
  1394 | D:3      | Reached *** piety under Uskayaw
  1395 | D:3      | Gained mutation: Your touch may inflict irresistible damage
                  | on your foes. [demonic ancestry]
  1395 | D:3      | Reached XP level 4. HP: 31/32 MP: 5/5
  1399 | D:3      | Reached **** piety under Uskayaw
  1466 | D:3      | Noticed a phantom
  1479 | D:3      | Killed a phantom
  1480 | D:3      | Reached skill level 3 in Maces & Flails
  1480 | D:3      | Gained mutation: You are partially covered in icy blue
                  | scales. (AC +2) [demonic ancestry]
  1480 | D:3      | Reached XP level 5. HP: 27/38 MP: 6/6
  1583 | D:3      | Noticed Grinder
  1593 | D:3      | Killed Grinder
  1594 | D:3      | Reached skill level 4 in Maces & Flails
  1594 | D:3      | Reached XP level 6. HP: 21/47 MP: 7/7
  2308 | D:4      | Reached skill level 5 in Maces & Flails
  2591 | D:4      | Reached XP level 7. HP: 28/53 MP: 8/8
  2916 | D:5      | Entered Level 5 of the Dungeon
  2929 | D:5      | Found Viri's Magic Scroll Shoppe.
  3046 | D:5      | Noticed Menkaure
  3049 | D:5      | Noticed Prince Ribbit
  3058 | D:5      | Slain by Menkaure

Illustrated notes

Levels and vault maps discovered:
D:1:      dpeg_arrival_tiny_f, layout_rooms
D:2:      layout_loops_ring, serial_shops, shop,
          chequers_ecumenical_altar_island, serial_bayou_pond_e
D:3:      layout_basic, nicolae_elyvilon_temple_path, minmay_joined_circles,
          uniq_grinder
D:4:      layout_rooms
D:5:      layout_loops_ring, nicolae_tso_carved_into_rock,
          nemelex_xobeh_ov_fountains_minmay, serial_shops, shop_coins,
          uniq_menkaure, uniq_pikel, uniq_prince_ribbit1

Skill      XL: |  1  2  3  4  5  6  7 |
---------------+----------------------+-----
Maces & Flails | 1 2 3 4 5 |  5.7
Armour         | 3 |  3.0
Fighting       | 1 2 3 4 |  4.0
Unarmed Combat | |  3.6
Spellcasting   | |  1.0
Alchemy        | |  2.0

Action                     |  1- 3 |  4- 6 |  7- 9 || total
---------------------------+-------+-------+-------++-------
  Melee: Club              |    55 |       |       ||    55
         Whip              |    45 |    90 |    18 ||   153
         Touch             |    10 |     8 |     4 ||    22
         Punch             |       |     1 |     1 ||     2
    Use: Scroll            |     2 |       |     2 ||     4
         Potion            |     1 |       |     1 ||     2
   Stab: Paralysed         |       |     4 |       ||     4
 Armour: Ring mail         |    83 |    50 |    12 ||   145
         Skin              |       |       |     2 ||     2
  Dodge: Dodged            |    76 |    42 |     1 ||   119

Table legend: (Time is in decaauts)
 A = Elapsed time spent in this place.
 B = Non-inter-level travel time spent in this place.
 C = Inter-level travel time spent in this place.
 D = Time resting spent in this place.
 E = Time spent auto-exploring this place.
 F = Levels seen in this place.
 G = Mean time per level.
                   A        B        C        D        E       F      G
               +--------+--------+--------+--------+--------+-----+--------+
         Total |   3066 |   3052 |     14 |      0 |   2422 |   5 |  613.2 |
       Dungeon |   3066 |   3052 |     14 |      0 |   2422 |   5 |  613.2 |
               +--------+--------+--------+--------+--------+-----+--------+

Top non-repeatable levels by time:
     D:3: 995 daAuts
     D:2: 695 daAuts
     D:4: 642 daAuts
     D:1: 594 daAuts
     D:5: 139 daAuts
